 Dungeon Crawl Stone Soup version 0.23.1 (webtiles) character file.

Game seed: 2867581617771274997

134 LostNumber the Skirmisher (level 4, -9/37 HPs)
             Began as a Demonspawn Abyssal Knight on Mar 10, 2019.
             Was a Follower of Lugonu.
             Mangled by an ogre
             ... wielding a +0 giant spiked club
              (15 damage)
             ... on level 2 of the Dungeon.
             The game lasted 00:03:07 (2559 turns).

LostNumber the Skirmisher (DsAK)                    Turns: 2559, Time: 00:03:08

Health: -9/37      AC:  6    Str: 13    XL:     4   Next: 95%
Magic:  6/6        EV: 10    Int: 14    God:    Lugonu [*.....]
Gold:   115        SH:  0    Dex: 12    Spells: 3/3 levels left

rFire    . . .     SeeInvis .   a - +1 hand axe
rCold    . . .     Gourm    .   (no shield)
rNeg     . . .     Faith    .   i - +0 ring mail
rPois    .         Spirit   .   (helmet restricted)
rElec    .         Reflect  .   f - +0 cloak
rCorr    .         Harm     .   (no gloves)
MR       .....                  (no boots)
Stlth    +.........             (no amulet)
HPRegen  0.12/turn              (no ring)
MPRegen  0.10/turn              (no ring)

@: no status effects
A: horns 1
a: Depart the Abyss, Renounce Religion


You were on level 2 of the Dungeon.
You worshipped Lugonu.
Lugonu was aware of your devotion.
You were not hungry.

You visited 1 branch of the dungeon, and saw 3 of its levels.
You visited the Abyss 1 time.

You collected 115 gold pieces.

Inventory:

Hand Weapons
 a - a +1 hand axe (weapon)
Armour
 b - a +0 leather armour
 f - a +0 cloak (worn)
   (You found it on level 1 of the Dungeon)
 i - a +0 ring mail (worn)
   (You found it on level 1 of the Dungeon)
Scrolls
 c - 2 scrolls of immolation {unknown}
 d - 2 scrolls of teleportation {unknown}
 g - 2 scrolls of identify {unknown}
 h - a scroll of fog {unknown}
Potions
 j - a potion of berserk rage {unknown}
 k - a potion of ambrosia {unknown}
 l - a potion of curing {@q1}
 o - a potion of lignification {unknown}
Comestibles
 e - 3 rations {!d}
 m - a chunk of flesh


   Skills:
 + Level 3.8 Fighting
 * Level 3.5 Axes
 - Level 1.7 Armour
 - Level 0.8 Dodging
 + Level 3.8 Invocations


You had 3 spell levels left.
You didn't know any spells.
Your spell library was empty.

Dungeon Overview and Level Annotations

Branches:
Dungeon (3/15)

Altars:
Cheibriados
Sif Muna

Annotations:
D:3 Ijyb, Natasha


Innate Abilities, Weirdness & Mutations

You have a pair of small horns on your head.


Message History

The gnoll throws a throwing net.
The throwing net hits you.
You become entangled in the net!
A gnoll comes into view. It is wielding a +0 halberd.
You see here a throwing net {!f}.
You struggle against the net.
Natasha hisses angrily.
The gnoll shouts!
Natasha drinks a potion.
Natasha suddenly seems more agile.
A gnoll comes into view. It is wielding a +0 whip.
You struggle against the net.
Natasha howls an incantation.
Natasha shimmers violently.
You rip the net and break free!
Natasha stares at you and mumbles some strange words.
You resist with some effort.
Ijyb the Twisted Goblin comes into view.
She is carrying a wand of iceblast (6).
Unknown command.
Natasha mumbles some strange words.
The adder misses you. The adder bites you but does no damage.
Natasha mumbles some strange words.
The adder bites you but does no damage.
Natasha casts a spell.
The adder bites you. The adder bites you.
The adder bites you but does no damage.
Items here: ( ))) a +0 whip of venom; a +0 blowgun; 6 curare-tipped needles {!f}; a +0 club You see here a curare-tipped needle {!f}.
Natasha mewls in sadness.
The adder bites you but does no damage. The adder bites you but does no damage.
The adder barely misses you.
Natasha is no longer unusually agile.
An ogre comes into view. It is wielding a +0 giant spiked club.
The ogre shouts!
The adder bites you.
The ogre hits you with a +0 giant spiked club!!
Ouch! That really hurt!
* * * LOW HITPOINT WARNING * * *
There is a stone staircase leading up, spattered with blood here.
Natasha mumbles some strange words.
The adder bites you but does no damage.
You climb upwards.
There is a stone staircase leading down here.
Okay, then.
Unknown command.
The adder barely misses you.
Unknown command.
The ogre hits you with a +0 giant spiked club!
You die...

###.### #.# #.# #.# ##.## #.#
###.######## ###...#####.#
#..........# #....)...##.#
#.#.######.###._...(...#.##
#.#.# ##.##.............#
#.#.#####...#)...⌠....##..#
#.........#.O.............#
####......##...#@....._...##.#
).........###>##.........###.#
####......# #.##.#.......# #.#
#......# #.##.#.####### #.#
####.#.#..###.##...# #.#
..............####.#
###................#
####.#..########.# #.#..# #.#


You could see an ogre.

Vanquished Creatures
  A centaur skeleton (D:2)
  Natasha (D:3)
  3 adders
  2 dart slugs (D:2)
  A ball python (D:3)
  2 giant cockroaches (D:3)
  5 goblins
  7 hobgoblins
  8 jackals (D:1)
  5 bats
  2 frilled lizards (D:1)
  6 kobolds
  6 rats
49 creatures vanquished.

Notes
Turn   | Place    | Note
-------+----------+-------------------------------------------
     0 | Abyss:1  | LostNumber the Demonspawn Abyssal Knight began the quest
                  | for the Orb.
     0 | Abyss:1  | Reached XP level 1. HP: 18/18 MP: 2/2
    57 | Abyss:1  | Noticed an insubstantial wisp
    59 | D:1      | Escaped the Abyss
   170 | D:1      | Gained mutation: You have a pair of small horns on your
                  | head. [demonic ancestry]
   170 | D:1      | Reached XP level 2. HP: 16/24 MP: 4/4
   446 | D:1      | Reached * piety under Lugonu
   663 | D:1      | Reached XP level 3. HP: 22/29 MP: 5/5
  1476 | D:2      | Reached XP level 4. HP: 11/36 MP: 6/6
  1719 | D:2      | Found a snail-covered altar of Cheibriados.
  1723 | D:2      | Found a deep blue altar of Sif Muna.
  1765 | D:2      | You fall through a shaft!
  2206 | D:3      | Noticed Natasha
  2220 | D:3      | Killed Natasha
  2421 | D:3      | Found a deep blue altar of Sif Muna.
  2513 | D:3      | Noticed Natasha
  2516 | D:3      | Noticed Ijyb
  2552 | D:3      | Noticed an ogre
  2559 | D:2      | Mangled by an ogre

Skill      XL: |  1  2  3 |
---------------+----------+-----
Axes           | 2 3 |  3.5
Invocations    | 3 |  3.8
Fighting       | |  3.8
Armour         | |  1.7
Dodging        | |  0.8

Action                   |  1- 3 |  4- 6 || total
-------------------------+-------+-------++-------
Melee: Hand axe          |   100 |    51 ||   151
       Headbutt          |    14 |     7 ||    21
Invok: Depart the Abyss  |     1 |       ||     1
  Use: Potion            |       |     2 ||     2
  Eat: Chunk             |     2 |     3 ||     5
Armor: Leather armour    |    15 |       ||    15
       Ring mail         |    25 |    25 ||    50
Dodge: Dodged            |    61 |    32 ||    93
